PAA
CHESAPEAKE CONTINENTALS @ MERCER ISLAND SCREAMING EAGLES
07/28/2031
 
TOP OF THE 1ST
Chesapeake Continentals batting - Pitching for Mercer Island Screaming Eagles : RHP Raimo Kangas
Pitching: RHP Raimo Kangas
Batting: RHB Santiago Valentín 0-0: Called Strike
0-1: Ball
1-1: Ground out 4-3 (Groundball, 4M)
Batting: RHB Phil Oostermeer 0-0: Swinging Strike
0-1: Ball
1-1: Ball
2-1: Ball
3-1: Foul Ball, location: 2F
3-2: Base on Balls
Batting: RHB Arturo Scantlebury 0-0: Called Strike
0-1: Ball
1-1: Ball
2-1: Foul Ball, location: 2F
2-2: Ball
3-2: Grounds into double play, 6-4-3 (Groundball, 6M)
Top of the 1st over - 0 runs, 0 hits, 0 errors, 0 left on base; Chesapeake 0 - Mercer Island 0
BOTTOM OF THE 1ST
Mercer Island Screaming Eagles batting - Pitching for Chesapeake Continentals : LHP Jeff Enamorado
Pitching: LHP Jeff Enamorado
Batting: RHB Wade Killefer 0-0: Ball
1-0: Foul Ball, location: 2F
1-1: Foul Ball, location: 2F
1-2: Ball
2-2: Fly out, F8 (Line Drive, 8RM)
Batting: RHB Pedro Hernández 0-0: Ball
1-0: Fly out, F9 (Flyball, 9D)
Batting: SHB Arnold Griffith 0-0: Ball
1-0: Ball
2-0: Ball
3-0: Base on Balls
Batting: SHB Serious Lee 0-0: Ball
1-0: Called Strike
1-1: Foul Ball, location: 2F
1-2: Fly out, F9 (Flyball, 89S)
Bottom of the 1st over - 0 runs, 0 hits, 0 errors, 1 left on base; Chesapeake 0 - Mercer Island 0
TOP OF THE 2ND
Chesapeake Continentals batting - Pitching for Mercer Island Screaming Eagles : RHP Raimo Kangas
Batting: RHB Brian Moring 0-0: Foul Ball, location: 2F
0-1: Foul Ball, location: 2F
0-2: Foul Ball, location: 2F
0-2: Ball
1-2: Foul Ball, location: 2F
1-2: Ball
2-2: Strikes out swinging
Batting: SHB Peer van Lochem 0-0: Ball
1-0: Foul Ball, location: 2F
1-1: SINGLE (Groundball, 4MD)
Batting: LHB Bartholomew Bailey 0-0: Ball
1-0: Ball
2-0: Called Strike
2-1: Ball
3-1: Base on Balls
Peer van Lochem to second
Batting: LHB Mathias Gudmestad 0-0: Ball
1-0: Fly out, F4 (Line Drive, 4M)
Batting: RHB Otton Dis 0-0: Foul Ball, location: 2F
0-1: SINGLE (Line Drive, 6D)
Peer van Lochem to third
Bartholomew Bailey to second
Runner from 3rd tries for Home, SAFE, no throw
Batting: SHB Tomás Valdéz 0-0: Called Strike
0-1: Swinging Strike
0-2: Strikes out swinging
Top of the 2nd over - 1 run, 2 hits, 0 errors, 2 left on base; Chesapeake 1 - Mercer Island 0
BOTTOM OF THE 2ND
Mercer Island Screaming Eagles batting - Pitching for Chesapeake Continentals : LHP Jeff Enamorado
Batting: RHB Vincente Flores 0-0: Ball
1-0: Foul Ball, location: 2F
1-1: Foul Ball, location: 2F
1-2: Foul Ball, location: 2F
1-2: Ball
2-2: Ground out 5-3 (Groundball, 56S)
Batting: RHB Kenny DeWitt 0-0: Called Strike
0-1: Fly out, F8 (Flyball, 8RS)
Now in CF: Wes Griffith
Batting: RHB António Ramírez 0-0: Called Strike
0-1: Foul Ball, location: 2F
0-2: Hit by Pitch
Batting: SHB Edward Sterrenburg 0-0: Ball
1-0: Ball
2-0: Fly out, F6 (Popup, 4M)
Bottom of the 2nd over - 0 runs, 0 hits, 0 errors, 1 left on base; Chesapeake 1 - Mercer Island 0
TOP OF THE 3RD
Chesapeake Continentals batting - Pitching for Mercer Island Screaming Eagles : RHP Raimo Kangas
Batting: RHB Wes Griffith 0-0: Foul Ball, location: 2F
0-1: Foul Ball, location: 2F
0-2: Strikes out swinging
Batting: RHB Phil Oostermeer 0-0: Ground out 1-3 (Groundball, 13)
Batting: RHB Arturo Scantlebury 0-0: Ball
1-0: SINGLE (Line Drive, 7LM)
Batting: RHB Brian Moring 0-0: Ball
1-0: Ground out 4-3 (Groundball, 34)
Top of the 3rd over - 0 runs, 1 hit, 0 errors, 1 left on base; Chesapeake 1 - Mercer Island 0
BOTTOM OF THE 3RD
Mercer Island Screaming Eagles batting - Pitching for Chesapeake Continentals : LHP Jeff Enamorado
Batting: SHB Ray Davis 0-0: Swinging Strike
0-1: Ball
1-1: Ball
2-1: Foul Ball, location: 2F
2-2: DOUBLE (Line Drive, 78D)
Batting: RHB Wade Killefer 0-0: Fly out, F9 (Flyball, 9LSF)
Batting: RHB Pedro Hernández 0-0: Fly out, F8 (Flyball, 8LS)
Batting: SHB Arnold Griffith 0-0: Ball
1-0: Foul Ball, location: 2F
1-1: Fly out, F2 (Popup, 23F)
Bottom of the 3rd over - 0 runs, 1 hit, 0 errors, 1 left on base; Chesapeake 1 - Mercer Island 0
TOP OF THE 4TH
Chesapeake Continentals batting - Pitching for Mercer Island Screaming Eagles : RHP Raimo Kangas
Batting: SHB Peer van Lochem 0-0: Foul Ball, location: 2F
0-1: Foul Ball, location: 2F
0-2: Ball
1-2: Strikes out swinging
Batting: LHB Bartholomew Bailey 0-0: Ball
1-0: Ground out 4-3 (Groundball, 4)
Batting: LHB Mathias Gudmestad 0-0: Called Strike
0-1: Ground out U3 (Groundball, 3)
Top of the 4th over - 0 runs, 0 hits, 0 errors, 0 left on base; Chesapeake 1 - Mercer Island 0
BOTTOM OF THE 4TH
Mercer Island Screaming Eagles batting - Pitching for Chesapeake Continentals : LHP Jeff Enamorado
Batting: SHB Serious Lee 0-0: Ball
1-0: Fly out, F4 (Popup, 4)
Batting: RHB Vincente Flores 0-0: Called Strike
0-1: Swinging Strike
0-2: Foul Ball, location: 2F
0-2: Ball
1-2: Ball
2-2: Ground out 6-3 (Groundball, 6)
Batting: RHB Kenny DeWitt 0-0: Called Strike
0-1: Ball
1-1: Foul Ball, location: 2F
1-2: Strikes out swinging
Bottom of the 4th over - 0 runs, 0 hits, 0 errors, 0 left on base; Chesapeake 1 - Mercer Island 0
TOP OF THE 5TH
Chesapeake Continentals batting - Pitching for Mercer Island Screaming Eagles : RHP Raimo Kangas
Batting: RHB Otton Dis 0-0: Called Strike
0-1: Ground out 4-3 (Groundball, 4)
Batting: SHB Tomás Valdéz 0-0: Called Strike
0-1: Ball
1-1: Ball
2-1: Ball
3-1: Base on Balls
Batting: RHB Wes Griffith 0-0: Ball
1-0: Ball
2-0: Called Strike
2-1: Ball
3-1: Fielders Choice at 2nd, 5-4 (Groundball, 56)
Batting: RHB Phil Oostermeer 0-0: Ball
1-0: Foul Ball, location: 2F
1-1: Swinging Strike
1-2: Strikes out swinging
Top of the 5th over - 0 runs, 0 hits, 0 errors, 1 left on base; Chesapeake 1 - Mercer Island 0
BOTTOM OF THE 5TH
Mercer Island Screaming Eagles batting - Pitching for Chesapeake Continentals : LHP Jeff Enamorado
Batting: RHB António Ramírez 0-0: Fly out, F8 (Flyball, 8RM)
Batting: SHB Edward Sterrenburg 0-0: Ball
1-0: Called Strike
1-1: SINGLE (Line Drive, 89S)
Batting: SHB Ray Davis 0-0: Called Strike
0-1: Ball
1-1: SINGLE (Line Drive, 7LM)
Edward Sterrenburg to second
Batting: RHB Wade Killefer 0-0: Ball
1-0: Foul Ball, location: 2F
1-1: Ball
2-1: Fly out, F9 (Flyball, 89M)
Batting: RHB Pedro Hernández 0-0: 3-RUN HOME RUN (Flyball, 8RXD), Distance : 440 ft
Batting: SHB Arnold Griffith 0-0: Called Strike
0-1: Ball
1-1: Called Strike
1-2: Foul Ball, location: 2F
1-2: Ground out 1-3 (Groundball, 13)
Bottom of the 5th over - 3 runs, 3 hits, 0 errors, 0 left on base; Chesapeake 1 - Mercer Island 3
TOP OF THE 6TH
Chesapeake Continentals batting - Pitching for Mercer Island Screaming Eagles : RHP Raimo Kangas
Batting: RHB Arturo Scantlebury 0-0: Ball
1-0: Ball
2-0: Ball
3-0: Called Strike
3-1: Foul Ball, location: 2F
3-2: Foul Ball, location: 2F
3-2: Strikes out swinging
Batting: RHB Brian Moring 0-0: Ball
1-0: Ball
2-0: Ball
3-0: Fly out, F7 (Line Drive, 78D)
Batting: SHB Peer van Lochem 0-0: Ball
1-0: Called Strike
1-1: DOUBLE (Line Drive, 89D)
Batting: LHB Bartholomew Bailey 0-0: Called Strike
0-1: Ball
1-1: Foul Ball, location: 2F
1-2: Strikes out looking
Top of the 6th over - 0 runs, 1 hit, 0 errors, 1 left on base; Chesapeake 1 - Mercer Island 3
BOTTOM OF THE 6TH
Mercer Island Screaming Eagles batting - Pitching for Chesapeake Continentals : LHP Jeff Enamorado
Batting: SHB Serious Lee 0-0: Ground out U3 (Groundball, 34)
Batting: RHB Vincente Flores 0-0: Ball
1-0: Ball
2-0: Swinging Strike
2-1: Swinging Strike
2-2: Strikes out swinging
Batting: RHB Kenny DeWitt 0-0: Called Strike
0-1: Called Strike
0-2: Ball
1-2: Ball
2-2: Ball
3-2: Foul Ball, location: 2F
3-2: Base on Balls
Batting: RHB António Ramírez 0-0: Called Strike
Kenny DeWitt is caught stealing 2nd base
Bottom of the 6th over - 0 runs, 0 hits, 0 errors, 0 left on base; Chesapeake 1 - Mercer Island 3
TOP OF THE 7TH
Chesapeake Continentals batting - Pitching for Mercer Island Screaming Eagles : RHP Raimo Kangas
Batting: LHB Mathias Gudmestad 0-0: Called Strike
0-1: Foul Ball, location: 2F
0-2: Foul Ball, location: 2F
0-2: Ball
1-2: Reached via error on a dropped throw, E3
Batting: RHB Otton Dis 0-0: Ball
1-0: Bunted foul
1-1: Bunt missed!
1-2: Ball
2-2: Strikes out swinging
Batting: SHB Tomás Valdéz 0-0: Ball
1-0: SINGLE (Groundball, 6MD)
Mathias Gudmestad to second
Runner from 2nd tries for 3rd, SAFE, no throw
Batting: RHB Wes Griffith 0-0: Ball
1-0: Ball
Tomás Valdéz steals 2nd base
2-0: Swinging Strike
2-1: Called Strike
2-2: Foul Ball, location: 2F
2-2: Strikes out swinging
Batting: RHB Phil Oostermeer 0-0: Ball
1-0: Called Strike
1-1: Foul Ball, location: 2F
1-2: Strikes out looking
Top of the 7th over - 0 runs, 1 hit, 1 error, 2 left on base; Chesapeake 1 - Mercer Island 3
BOTTOM OF THE 7TH
Mercer Island Screaming Eagles batting - Pitching for Chesapeake Continentals : LHP Jeff Enamorado
Batting: RHB António Ramírez 0-0: Ground out 4-3 (Groundball, 4)
Batting: SHB Edward Sterrenburg 0-0: Ball
1-0: Swinging Strike
1-1: Ball
2-1: Ball
3-1: Called Strike
3-2: Foul Ball, location: 2F
3-2: Ground out 4-3 (Groundball, 4)
Batting: SHB Ray Davis 0-0: Foul Ball, location: 2F
0-1: Ball
1-1: Foul Ball, location: 2F
1-2: Ball
2-2: Ground out 2-3 (Groundball, 2R)
Bottom of the 7th over - 0 runs, 0 hits, 0 errors, 0 left on base; Chesapeake 1 - Mercer Island 3
TOP OF THE 8TH
Chesapeake Continentals batting - Pitching for Mercer Island Screaming Eagles : RHP Raimo Kangas
Pitching: LHP Pu-feng Zhou
Batting: RHB Arturo Scantlebury 0-0: Called Strike
0-1: Ball
1-1: Ball
2-1: Fly out, F7 (Flyball, 78S)
Batting: RHB Brian Moring 0-0: Foul Ball, location: 2F
0-1: Foul Ball, location: 2F
0-2: Foul Ball, location: 2F
0-2: Strikes out swinging
Batting: SHB Peer van Lochem 0-0: Called Strike
0-1: Ball
1-1: Fly out, F7 (Flyball, 7LM)
Top of the 8th over - 0 runs, 0 hits, 0 errors, 0 left on base; Chesapeake 1 - Mercer Island 3
BOTTOM OF THE 8TH
Mercer Island Screaming Eagles batting - Pitching for Chesapeake Continentals : LHP Jeff Enamorado
Batting: RHB Wade Killefer 0-0: Ball
1-0: Called Strike
1-1: Ball
2-1: Foul Ball, location: 2F
2-2: Ball
3-2: Base on Balls
Pitching: RHP Jason Martin
Batting: RHB Pedro Hernández 0-0: Bunt missed!
0-1: Sac Bunt - play at first, batter OUT! 5-4
Wade Killefer to second
Batting: SHB Arnold Griffith 0-0: Intentional Walk
Pinch Hitting: LHB Theo Fightmaster 0-0: Ball
1-0: Ball
2-0: Swinging Strike
2-1: Ball
3-1: Base on Balls
Wade Killefer to third
Arnold Griffith to second
Batting: RHB Vincente Flores 0-0: Ball
1-0: Fly out, F9 (Flyball, 9D)
Runner from 3rd tags up, SCORES, throw made
Batting: RHB Kenny DeWitt 0-0: Called Strike
0-1: Ball
1-1: Ball
2-1: Ball
3-1: Called Strike
3-2: Foul Ball, location: 2F
3-2: Foul Ball, location: 2F
3-2: Base on Balls
Arnold Griffith to third
Theo Fightmaster to second
Batting: RHB António Ramírez 0-0: Foul Ball, location: 2F
0-1: GRAND SLAM HOME RUN (Flyball, 7LD), Distance : 372 ft
Pitching: RHP Steve McKinney
Batting: SHB Edward Sterrenburg 0-0: Called Strike
0-1: Ball
1-1: Swinging Strike
1-2: Strikes out swinging
Bottom of the 8th over - 5 runs, 1 hit, 0 errors, 0 left on base; Chesapeake 1 - Mercer Island 8
TOP OF THE 9TH
Chesapeake Continentals batting - Pitching for Mercer Island Screaming Eagles : LHP Pu-feng Zhou
Now in CF: Alberto Enríquez
Batting: LHB Bartholomew Bailey 0-0: Called Strike
0-1: Ball
1-1: Swinging Strike
1-2: Ball
2-2: Ball
3-2: Strikes out swinging
Batting: LHB Mathias Gudmestad 0-0: Ball
1-0: Ball
2-0: Fly out, F4 (Line Drive, 4MD)
Batting: RHB Otton Dis 0-0: Called Strike
0-1: Ball
1-1: Foul Ball, location: 2F
1-2: SINGLE (Line Drive, 6MD)
Batting: SHB Tomás Valdéz 0-0: Called Strike
0-1: Ball
1-1: Ball
2-1: Called Strike
2-2: Ball
3-2: Strikes out swinging
Top of the 9th over - 0 runs, 1 hit, 0 errors, 1 left on base; Chesapeake 1 - Mercer Island 8
Tuesday, June 12th, 2018 - OOTP Baseball 18.8 Build 76